 Dungeon Crawl Stone Soup version 0.24-a0-584-g9d6b971ae4 (webtiles) character file.

Game seed: 17807484986389523796, levelgen mode: deterministic

0 Gargoyl the Skirmisher (level 1, -12/19 HPs)
             Began as a Centaur Abyssal Knight on Sept 3, 2019.
             Was a Follower of Lugonu.
             Killed from afar by a raiju (15 damage)
             ... with a living lightning
             ... on level 1 of the Abyss.
             The game lasted 00:00:24 (137 turns).

Gargoyl the Skirmisher (Centaur Abyssal Knight)      Turns: 137, Time: 00:00:25

Health: -12/19     AC:  4    Str: 14    XL:     1   Next: 0%
Magic:  2/2        EV:  9    Int: 11    God:    Lugonu [*.....]
Gold:   16         SH:  0    Dex:  8    Spells: 0/0 levels left

rFire    . . .     SeeInvis .   a - +1 hand axe
rCold    . . .     Gourm    .   (no shield)
rNeg     . . .     Faith    .   b - +0 leather armour
rPois    .         Spirit   .   (no helmet)
rElec    .         Reflect  .   (no cloak)
rCorr    .         Harm     .   (no gloves)
MR       .....                  (no barding)
Stlth    ..........             (no amulet)
HPRegen  0.06/turn              (no ring)
MPRegen  0.08/turn              (no ring)

@: very quick
A: large, hooves 3, deformed body, speed 2, tough skin 3, subdued magic 1
a: Depart the Abyss, Renounce Religion


You were on level 1 of the Abyss.
You worshipped Lugonu.
Lugonu was aware of your devotion.
You were not hungry.

You visited 0 branches of the dungeon, and saw 0 of its levels.
You visited the Abyss 1 time.

You collected 16 gold pieces.

Inventory:

Hand Weapons
 a - a +1 hand axe (weapon)
Missiles
 d - 6 boomerangs (quivered)
Armour
 b - a +0 leather armour (worn)
Comestibles
 c - a ration


   Skills:
 + Level 3.0 Fighting
 + Level 1.7 Axes
 + Level 1.3 Armour
 + Level 0.6 Dodging
 + Level 2.0 Invocations


You couldn't memorise any spells.
You didn't know any spells.
Your spell library was empty.

Dungeon Overview and Level Annotations

Branches:
Dungeon (0/15)

Altars:


Innate Abilities, Weirdness & Mutations

You have hooves in place of feet.
Armour fits poorly on your strangely shaped body.
You cover ground very quickly.
You have extremely tough skin. (AC +3)
Your spells are a little easier to cast, but a little less powerful.


Message History

A small abomination comes into view.
Found 6 boomerangs.
The small abomination closely misses you.
Found 16 gold pieces.
You see here 6 boomerangs.
d - 6 boomerangs The small abomination barely misses you.
You see here 16 gold pieces.
You see here 16 gold pieces.
You now have 16 gold pieces.
A small abomination is nearby!
You hear a chilling moan.
A raiju comes into view.
A worldbinder comes into view.
A raiju comes into view.
The raiju barks!
The raiju bursts into living lightning!
The living lightning hits you!
Ouch! That really hurt!
You die...

##.##.......#.#.# #
.....x.#...#.####..
.##.#.#.#.#.#...#.#
.h.#..#
#.#x#.#.##...# .###
#.. .#.#......# h #
#.#.#.#.#.#....#..#..
#..#.x#.#.#.#.#..##.#
.# .##.###.#.......#
# #.#.....#..@.#.# #.
..#......#..#
.......####.. ....
#...## .##. ##.. .###
# .. . ##


You could see a worldbinder and a raiju.

Vanquished Creatures (others)
  4 starspawn tentacles (Abyss:1)
4 creatures vanquished.

Notes
Turn   | Place    | Note
-------+----------+-------------------------------------------
     0 | Abyss:1  | Gargoyl the Centaur Abyssal Knight began the quest for the
                  | Orb.
     0 | Abyss:1  | Reached XP level 1. HP: 19/19 MP: 2/2
    44 | Abyss:1  | Noticed a neqoxec
    54 | Abyss:1  | Gained mutation: Your spells are a little easier to cast,
                  | but a little less powerful. [a neqoxec]
    60 | Abyss:1  | Noticed a tentacled starspawn
   104 | Abyss:1  | Noticed a small abomination
   128 | Abyss:1  | Noticed a raiju
   130 | Abyss:1  | Noticed a worldbinder
   137 | Abyss:1  | Noticed a raiju
   137 | Abyss:1  | Killed from afar by a raiju

Levels and vault maps discovered:
Abyss:1:  guppyfry_abyss_exit_imp_island, minivault_22, minivault_22,
          minivault_23, minivault_23

Action                   || total
-------------------------++-------
Melee: Hand axe          ||     1
Armor: Leather armour    ||     1
Dodge: Dodged            ||     3

Table legend:
 A = Non-vault XP
 B = Vault XP
 C = Vault XP percentage of total XP
 D = Non-vault monster count
 E = Vault monster count
 F = Vault count percentage of total count
                 A         B        C        D         E       F
            +---------+---------+-------+---------+---------+-------
      Total |       0 |       0 |   N/A |       0 |       0 |  -nan
            +---------+---------+-------+---------+---------+-------
            +---------+---------+-------+---------+---------+-------
